 Dungeon Sprint DCSS version 0.16-a0-3061-g1c4ddba (webtiles) character file.

1500000 BluebellGnoll the Intangible (level 13, -4/65 HPs)
             Began as a Spriggan Warper on Dec 10, 2014.
             Was a Follower of Makhleb.
             Slain by a meat berserker
             ... wielding a +9 battleaxe
              (61 damage)
             ... in the Dungeon (Sprint VIII: "Arena of Blood").
             The game lasted 00:01:21 (15 turns).

BluebellGnoll the Intangible (Spriggan Warper)        Turns: 15, Time: 00:01:21

Health: -4/65      AC:  2    Str:  7    XL:     13   Next: 83%
Magic:  25/34      EV: 40    Int: 16    God:    Makhleb [*.....]
Gold:   0          SH:  0    Dex: 19    Spells: 1 memorised, 31 levels left

rFire  . . .     SeeInvis +     l - +∞ Axe of Woe
rCold  . . .     Clarity  .     b - +0 robe
rNeg   . . .     SustAb   .     (shield restricted)
rPois  .         Gourm    .     (helmet restricted)
rElec  .         Spirit   .     (no cloak)
rCorr  .         Warding  .     (gloves unavailable)
rMut   .         NoTele   +     (boots unavailable)
MR     ++...                    (no amulet)
Stlth  ++++++++++               (no ring)
                                (no ring)

@: very quick, very resistant to hostile enchantments, uncannily stealthy
A: unfitting armour, see invisible, herbivore 3, speed 3, slow metabolism 2
a: Renounce Religion


You were in the Dungeon.
You worshipped Makhleb.
Makhleb was aware of your devotion.
You were not hungry.

You visited 1 branch

Inventory:

Hand weapons
 a - a +0 short sword
 l - the +∞ Axe of Woe (weapon)
   (You found it in the Dungeon)
Missiles
 e - 5 tomahawks of dispersal (quivered)
Armour
 b - a +0 robe (worn)
Jewellery
 m - a +30 ring of slaying
Scrolls
 d - 2 scrolls of blinking
Potions
 g - a potion of curing
 h - a potion of heal wounds
 i - a potion of haste
 j - 2 potions of magic
 k - a potion of berserk rage
Books
 c - a book of Spatial Translocations

   Spells                             Type                      Level
   a - Apportation                    Translocation                1
   b - Blink                          Translocation                2
   c - Shroud of Golubria             Charms/Translocation         2
   d - Portal Projectile              Translocation                3
   e - Teleport Other                 Translocation                3
   f - Passage of Golubria            Translocation                4
Comestibles
 f - a bread ration


   Skills:
 + Level 6.0 Fighting
 + Level 8.2 Short Blades
 + Level 1.9 Axes
 + Level 2.9 Throwing
 + Level 2.0 Armour
 O Level 27 Dodging
 O Level 27 Stealth
 + Level 10.0 Spellcasting
 + Level 18.7 Translocations
 * Level 10.3 Invocations


You had 31 spell levels left.
You knew the following spells:

 Your Spells              Type           Power        Failure   Level  Hunger
a - Apportation           Tloc           ######....   0%          1    None


Dungeon Overview and Level Annotations

Branches:
Dungeon (1/1)

Altars:
Makhleb


Innate Abilities, Weirdness & Mutations

You are tiny and cannot use many weapons and most armour.
You have supernaturally acute eyesight.
You are a herbivore.
You cover ground extremely quickly.
You need consume almost no food.


Message History

You hear a shout! x13
A bag of meat comes into view. It is wielding a +9 war axe.
Unknown command.
You slash the bag of meat!
You cleave the bag of meat in twain.
You kill the bag of meat!
Makhleb accepts your kill.
Your Fighting skill gained 2 levels and is now at level 6!
Your Short Blades skill gained 2 levels and is now at level 8!
Your Armour skill increases to level 2!
Your Spellcasting skill gained 3 levels and is now at level 10!
Your Translocations skill gained 4 levels and is now at level 18!
Your Invocations skill gained 3 levels and is now at level 10!
You hear a shout! x12
Unknown command.
Unknown command.
A bag of meat comes into view. It is wielding a +9 war axe.
You hear a shout! x3
The meat berserker hits you with a +9 battleaxe!!!
Ouch! That really hurt!
You die...

... .# ..o....
...#..........
.....#..........
...................
#........o.........
O#........#.......#
.....#...O.#.......#
.#.....@###...o...###.
........o.....###.......
.....#.))..o.._........
...#.......#.)...#.....
#..........#_.<._# .
..#.......#.....#
...#........_.....
..........###......
....###... ..###.


You could see 2 meat berserkers and 4 bags of meat.

Vanquished Creatures
  An ogre (D)
  3 orcs (D)
4 creatures vanquished.

Notes
Turn   | Place    | Note
--------------------------------------------------------------
     0 | D        | BluebellGnoll, the Spriggan Warper, began the quest for the Orb.
     0 | D        | Reached XP level 1. HP: 10/10 MP: 4/4
     3 | D        | Noticed a meat berserker
     4 | D        | Killed a meat berserker
     4 | D        | Reached skill level 27 in Dodging
     4 | D        | Reached XP level 2. HP: 14/14 MP: 7/7
     4 | D        | Reached XP level 3. HP: 18/18 MP: 9/9
     4 | D        | Reached XP level 4. HP: 22/22 MP: 12/12
     4 | D        | Reached XP level 5. HP: 25/25 MP: 14/14
     4 | D        | Reached XP level 6. HP: 30/30 MP: 17/17
     4 | D        | Reached XP level 7. HP: 33/33 MP: 19/19
     4 | D        | Reached XP level 8. HP: 37/37 MP: 20/20
     4 | D        | Reached XP level 9. HP: 41/41 MP: 22/22
     4 | D        | Reached XP level 10. HP: 46/46 MP: 23/23
     4 | D        | Reached XP level 11. HP: 49/49 MP: 24/24
     5 | D        | Became a worshipper of Makhleb the Destroyer
     8 | D        | Noticed a bag of meat
     9 | D        | Noticed a bag of meat
     9 | D        | Noticed a bag of meat
     9 | D        | Noticed a bag of meat
    11 | D        | Noticed a bag of meat
    13 | D        | Noticed a meat berserker
    13 | D        | Killed a bag of meat
    13 | D        | Reached XP level 12. HP: 53/53 MP: 25/25
    13 | D        | Killed a bag of meat
    13 | D        | Acquired Makhleb's first power
    13 | D        | Reached skill level 27 in Stealth
    13 | D        | Reached skill level 1 in Axes
    13 | D        | Reached skill level 1 in Armour
    13 | D        | Reached XP level 13. HP: 57/63 MP: 25/32
    14 | D        | Noticed a bag of meat
    14 | D        | Killed a bag of meat
    14 | D        | Reached skill level 10 in Spellcasting
    14 | D        | Reached skill level 10 in Invocations
    15 | D        | Noticed a bag of meat
    15 | D        | Slain by a meat berserker

Action                   |  1- 3 |  4- 6 |  7- 9 | 10-12 | 13-15 || total
-------------------------+-------+-------+-------+-------+-------++-------
Melee: Broad axe         |     1 |       |       |     1 |     1 ||     3
